 Dungeon Crawl Stone Soup version 0.26-b1-32-g5d43845318 (webtiles) character file.

Game seed: 7579642662388577858

4055 salade2fruit the Transmogrifier (level 10, -1/63 HPs)
             Began as an Octopode Transmuter on Jan 9, 2021.
             Was a Plaything of Xom.
             Slain by an orc warrior
             ... wielding a +6 dire flail
              (19 damage)
             ... on level 8 of the Dungeon.
             The game lasted 00:32:28 (13144 turns).

salade2fruit the Transmogrifier (OpTm)             Turns: 13144, Time: 00:32:29

Health: -1/63      AC:  1    Str:  9 (10) XL:     10   Next: 25%
Magic:  18/26      EV: 14    Int: 22 (23) God:    Xom [......]
Gold:   176        SH:  0    Dex: 10      Spells: 9/19 levels left

rFire    . . .     SeeInvis .     - Unarmed
rCold    . . .     Faith    .   (shield currently unavailable)
rNeg     . . .     Spirit   .   a - +0 hat
rPois    .         Reflect  .   t - amulet of the acrobat
rElec    .         Harm     .   b - ring of magical power
rCorr    .         Rampage  .   u - +6 ring of intelligence
Will     .....                  (no ring)
Stlth    ++++......             (no ring)
HPRegen  0.20/turn              (no ring)
MPRegen  0.20/turn              (no ring)
                                (no ring)
                                (no ring)

@: blade tentacles, very slightly contaminated
A: almost no armour, stealthy swim, amphibious, 8 rings, constrict 8, camouflage
1, clumsy 1, deterioration 1, dopey 1, gelatinous body 1
a: End Transformation, Renounce Religion


You were on level 8 of the Dungeon.
You worshipped Xom.
You were a very special plaything of Xom.
You had blades for tentacles.
You visited 2 branches of the dungeon, and saw 10 of its levels.

You collected 423 gold pieces.
You spent 247 gold pieces at shops.

Inventory:

Hand Weapons
 o - the +5 spear of Ocorat {freeze, Int+2}
   (You found it on level 4 of the Dungeon)

   It has been specially enchanted to freeze those struck by it, causing extra
   injury to most foes and up to half again as much damage against particularly
   susceptible opponents.
   It can also slow down cold-blooded creatures.
   It affects your intelligence (+2).
Missiles
 j - 18 poisoned darts
 p - 9 boomerangs (quivered)
Armour
 a - a +0 hat (worn)
 g - a +1 buckler (melded)
 q - the +0 tower shield of Betogh {+Inv Dex+7}
   (You bought it in a shop on level 7 of the Dungeon)

   It affects your dexterity (+7).
   It lets you turn invisible.
Jewellery
 b - a ring of magical power (left scythe-like blade)
 m - an uncursed amulet of reflection
 t - an amulet of the acrobat (around mantle)
 u - a +6 ring of intelligence (right scythe-like blade)
Wands
 s - a wand of flame (2)
Scrolls
 c - 2 scrolls of magic mapping
 d - 2 scrolls of random uselessness
 h - 3 scrolls of enchant weapon
 i - 2 scrolls of teleportation
 l - a scroll of fog {unknown}
 n - 3 scrolls of remove curse
 r - 3 scrolls of amnesia
 v - 3 scrolls of blinking {unknown}
 w - a scroll of fear {unknown}
 y - a scroll of silence {unknown}
Potions
 e - a potion of ambrosia {unknown}
 f - 6 potions of curing
 k - 2 potions of might {unknown}
 x - a potion of brilliance
 z - 2 potions of berserk rage {unknown}


   Skills:
 + Level 3.5 Fighting
 + Level 3.8 Dodging
 - Level 6.0 Stealth
 - Level 4.0 Shields
 + Level 7.8 Unarmed Combat
 + Level 5.3 Spellcasting
 - Level 8.5 Transmutations


You had 9 spell levels left.
You knew the following spells:

 Your Spells              Type           Power        Failure   Level
a - Beastly Appendage     Tmut           86%          10%         1
b - Blink                 Tloc           N/A          56%         2
r - Wereblood             Tmut           43%          11%         2
z - Blade Hands           Tmut           21%          41%         5

Your spell library contained the following spells:

 Spells                   Type           Power        Failure   Level
 Spider Form              Tmut/Pois      12%          32%         3
 Animate Skeleton         Necr           10%          45%         1
 Apportation              Tloc           10%          45%         1
 Corona                   Hex            5%           45%         1
 Magic Dart               Conj           20%          45%         1
 Summon Small Mammal      Summ           20%          45%         1
 Call Imp                 Summ           5%           56%         2
 Slow                     Hex            5%           56%         2
 Ice Form                 Ice/Tmut       24%          58%         4
 Call Canine Familiar     Summ           5%           73%         3
 Conjure Flame            Conj/Fire      5%           73%         3
 Mephitic Cloud           Conj/Pois/Air  5%           73%         3
 Summon Guardian Golem    Hex/Summ       5%           73%         3
 Summon Ice Beast         Ice/Summ       5%           95%         4
 Summon Lightning Spire   Summ/Air       5%           95%         4


Dungeon Overview and Level Annotations

Branches:
Dungeon (9/15)             Temple (1/1) D:4
   Lair: D:8-11         Orc: D:9-12

Altars:
Ashenzari
Cheibriados
Dithmenos
Elyvilon
Fedhas
Gozag
Hepliaklqana
Kikubaaqudgha
Makhleb
Nemelex Xobeh
Okawaru
Qazlal
Ru
Sif Muna
Trog
Uskayaw
Vehumet
Wu Jian
Xom
Yredelemnul
Zin
The Shining One

Shops:
D:7 [

Annotations:
D:2 Sigmund
D:8 exclusion: two-headed ogre
D:9 2 transporters, Giumaukk's ghost, novice HaHu


Innate Abilities, Weirdness & Mutations

You cannot wear most types of armour.
You are very stealthy in the water. (Stealth+)
You are amphibious.
You can wear up to eight rings at the same time.
You can use your tentacles to constrict eight enemies at once.
Your skin changes colour to match your surroundings (Stealth+).
Your rubbery body absorbs attacks. (AC +1, EV +1)
You are clumsy. (Dex -2)
Your body sometimes deteriorates upon taking damage.
You are dopey. (Int -2)


Message History

Okay, then.
Casting: Blade Hands (quite dangerous; 41% risk of failure)
Confirm with . or Enter, or press ? or * to list all spells.
You don't know that spell.
Casting: Blade Hands (quite dangerous; 41% risk of failure)
Confirm with . or Enter, or press ? or * to list all spells.
You miscast Blink.
You are very lightly contaminated with residual magic.
Nothing appears to happen.
You constrict the orc warrior.
The orc warrior hits you with a +6 dire flail.
* * * LOW HITPOINT WARNING * * *
Casting: Blink (dangerous; 56% risk of failure)
Confirm with . or Enter, or press ? or * to list all spells.
You miscast Blink.
Nothing appears to happen.
You constrict the orc warrior.
Unknown command.
Okay, then.
Okay, then.
You feel better.
You constrict the orc warrior.
The orc warrior hits you with a +6 dire flail!!
You die...

##....#......#.## #.##
###. #.....##.####..###..#
#...
##..#.#........)###.###.##
##.#.#.................##
#............#..........
###>.....)...#........##
###....>[..####.......
#.....[...###..#####
#..@.......##...####
####o......#........
##............#..
#.#..##.........
#######..#............
#.....................
####.###.##........... #.#
#.#...#........
#.###..............


You could see an orc warrior.

Vanquished Creatures
  Grinder (D:4)
  A wyvern (D:6)
  3 yaks
  Menkaure (D:6)
  An orc warrior (D:6)
  A phantom (D:5)
  2 lemures (D:7)
  3 bullfrogs
  6 scorpions
  A water moccasin skeleton (D:7)
  4 killer bees
  5 howler monkeys
  A bullfrog zombie (D:6)
  2 jellies
  A bullfrog skeleton (D:4)
  20 orc wizards
  4 hounds
  6 orc priests
  Jessica (D:2)
  2 iguanas
  6 worker ants
  A worker ant zombie (D:5)
  5 gnolls
  5 adders
  A shadow imp (D:6)
  4 ufetubi
  3 oozes
  An adder skeleton (D:4)
  5 worms
  3 dart slugs
  3 leopard geckos
  46 orcs
  8 bats
  7 giant cockroaches
  4 goblins
  10 hobgoblins
  6 jackals
  7 quokkas
  A ball python (D:3)
  8 frilled lizards
  9 kobolds
  11 rats
220 creatures vanquished.

Vanquished Creatures (collateral kills)
  A two-headed ogre (D:8)
  An ice beast (D:7)
  An ogre (D:7)
  A bullfrog (D:7)
  A scorpion (D:5)
  2 killer bees (D:7)
  An orc wizard (D:7)
  An iguana (D:5)
  An orc (D:7)
  A leopard gecko skeleton (D:7)
11 creatures vanquished.

Grand Total: 231 creatures vanquished

Notes
Turn   | Place    | Note
-------+----------+-------------------------------------------
     0 | D:1      | salade2fruit the Octopode Transmuter began the quest for
                  | the Orb.
     0 | D:1      | Reached XP level 1. HP: 13/13 MP: 3/3
   280 | D:1      | Reached skill level 1 in Stealth
   280 | D:1      | Reached XP level 2. HP: 18/18 MP: 5/5
  1119 | D:2      | Reached XP level 3. HP: 23/23 MP: 6/6
  1453 | D:2      | Noticed Jessica
  1474 | D:2      | Killed Jessica
  1475 | D:2      | Reached skill level 1 in Shields
  1475 | D:2      | Reached XP level 4. HP: 28/28 MP: 7/7
  1903 | D:2      | Noticed Sigmund
  2268 | D:3      | Reached skill level 3 in Transmutations
  2304 | D:3      | Learned a level 2 spell: Wereblood
  2321 | D:3      | Reached XP level 5. HP: 33/33 MP: 8/8
  2398 | D:2      | HP: 1/33 [something/magic dart (7)]
  2940 | D:3      | HP: 1/33 [orc wizard/magic dart (8)]
  3637 | D:3      | Reached XP level 6. HP: 38/38 MP: 9/9
  3714 | D:3      | Found an ancient bone altar of Kikubaaqudgha.
  3714 | D:3      | Found a sacrificial altar of Ru.
  3715 | D:3      | Found a broken altar of Ashenzari.
  4596 | D:4      | Reached skill level 4 in Transmutations
  4596 | D:4      | Reached XP level 7. HP: 43/43 MP: 10/10
  4855 | D:4      | Reached skill level 5 in Stealth
  4941 | D:4      | Noticed Grinder
  5287 | D:4      | Reached skill level 5 in Unarmed Combat
  5446 | D:4      | Found a staircase to the Ecumenical Temple.
  5455 | Temple   | Entered the Ecumenical Temple
  5487 | Temple   | Became a worshipper of Xom of Chaos
  5722 | D:4      | Got a smouldering spear
  5725 | D:4      | Identified the +5 spear of Ocorat {freeze, Int+2} (You
                  | found it on level 4 of the Dungeon)
  5744 | D:4      | XOM: cast spell 'Summon Ice Beast'
  5745 | D:4      | XOM: cast spell 'Summon Small Mammal'
  5751 | D:4      | Paralysed by Grinder for 5 turns
  5759 | D:4      | Killed Grinder
  5760 | D:4      | Reached XP level 8. HP: 15/48 MP: 11/11
  5827 | D:4      | XOM: divination: detect items
  5975 | D:4      | XOM: silly message
  6095 | D:5      | Entered Level 5 of the Dungeon
  6162 | D:5      | XOM: smoke on damage
  6166 | D:5      | Reached skill level 5 in Transmutations
  6525 | D:5      | XOM: summons friendly ufetubus
  6734 | D:5      | XOM is BORED!
  6734 | D:5      | XOM: 2-stop teleportation journey
  6851 | D:5      | XOM: 1-stop teleportation journey
  7084 | D:5      | XOM: god gift: wand of paralysis (8)
  7206 | D:5      | Reached skill level 6 in Transmutations
  7402 | D:5      | XOM: 1-stop teleportation journey
  7552 | D:5      | XOM: summons 1 hostile shadow creature
  7614 | D:5      | XOM: summons 1 hostile shadow creature
  7690 | D:5      | XOM: 2-stop teleportation journey
  8604 | D:6      | Noticed Maggie
  8605 | D:6      | Reached XP level 9. HP: 38/53 MP: 12/12
  8620 | D:6      | Noticed Maggie
  8620 | D:6      | Maggie changed into Maggie the wyvern
  8620 | D:6      | XOM: polymorph Maggie -> Maggie the wyvern
  8800 | D:6      | Learned a level 5 spell: Blade Hands
  8834 | D:6      | Reached skill level 7 in Transmutations
  8926 | D:6      | Noticed Menkaure
  8943 | D:6      | XOM: smoke on damage
  9192 | D:6      | XOM: confusion (+ monsters)
  9347 | D:6      | Killed Maggie the wyvern
  9550 | D:6      | Found a snail-covered altar of Cheibriados.
  9798 | D:6      | Found a bloodstained altar of Trog.
  9801 | D:6      | Found a white marble altar of Elyvilon.
  9817 | D:6      | Found a sparkling altar of Nemelex Xobeh.
  9832 | D:6      | XOM: summons 4 friendly demons
  9862 | D:6      | XOM is BORED!
  9862 | D:6      | XOM: give mutations
  9862 | D:6      | Gained mutation: Your body sometimes deteriorates upon
                  | taking damage. [Xom's mischief]
  9862 | D:6      | Gained mutation: You are dopey. (Int -2) [Xom's mischief]
  9862 | D:6      | Gained mutation: You are clumsy. (Dex -2) [Xom's mischief]
  9936 | D:6      | Identified the +5 war axe of Ineamp {holy, rF- Will++
                  | Str+10 Int-5}
 10248 | D:6      | Killed Menkaure
 10514 | D:7      | XOM: swap monsters
 10515 | D:7      | XOM: summons 9 friendly demons
 10534 | D:7      | Noticed Pikel
 10537 | D:7      | XOM: confuse monster(s)
 10565 | D:7      | XOM: confuse monster(s)
 10764 | D:7      | XOM: cast spell 'Necromutation'
 10771 | D:7      | Noticed Pikel
 10771 | D:7      | Pikel changed into Pikel the goblin
 10771 | D:7      | XOM: polymorph Pikel -> Pikel the goblin
 10773 | D:7      | XOM: summons friendly white imp
 10774 | D:7      | Killed Pikel the goblin
 11036 | D:7      | Found Palihag's Antique Armour Boutique.
 11041 | D:7      | Bought a transparent tower shield for 247 gold pieces
 11051 | D:7      | Identified the +0 tower shield of Betogh {+Inv Dex+7} (You
                  | bought it in a shop on level 7 of the Dungeon)
 11072 | D:7      | Found a broken altar of Ashenzari.
 11224 | D:7      | XOM: cloud trail
 11322 | D:7      | Noticed a troll
 11517 | D:7      | Learned a level 2 spell: Blink
 11734 | D:8      | XOM: 5-stop teleportation journey
 11845 | D:8      | Found a glowing golden altar of the Shining One.
 11973 | D:8      | XOM: summons 1 hostile shadow creature
 12123 | D:8      | Noticed a two-headed ogre
 12302 | D:8      | XOM: enchant monster (bad)
 12385 | D:9      | XOM: confusion
 12392 | D:8      | Reached skill level 8 in Transmutations
 12426 | D:9      | Found a transporter.
 12433 | D:9      | Found a transporter.
 12433 | D:9      | Noticed a cyclops
 12433 | D:9      | Noticed Giumaukk's ghost (novice HaHu)
 12438 | D:9      | XOM: chaos cloud
 12598 | D:8      | Reached XP level 10. HP: 39/63 MP: 16/16
 12777 | D:8      | XOM: summons 10 friendly demons
 12787 | D:8      | XOM: repel stairs
 12787 | D:8      | Killed a two-headed ogre
 12788 | D:8      | Reached skill level 5 in Spellcasting
 12825 | D:9      | XOM: blink monster(s)
 12836 | D:8      | XOM: summons 3 hostile demons
 12942 | D:9      | XOM: silly message
 12945 | D:9      | XOM: noise
 12948 | D:9      | XOM: divination: detect creatures
 13144 | D:8      | Slain by an orc warrior

Illustrated notes

Levels and vault maps discovered:
D:1:      ebering_trefoil_twist, layout_basic, amcnicky_mini_corridor_feature,
          minmay_tetromino_t2
D:2:      layout_basic, uniq_sigmund, uniq_jessica
D:3:      layout_rooms, chequers_temple_overflow_statue_of_worship
D:4:      layout_basic, minmay_temple_entry_slanted, uniq_grinder
D:5:      layout_loops_ring
D:6:      layout_loops_ring, grunt_temple_overflow_cloverleaf, uniq_maggie,
          uniq_menkaure
D:7:      layout_gridville, serial_shops, nicolae_shop_stone, basic_altar,
          minmay_misc_feat_iff, uniq_pikel
D:8:      layout_rooms, tso_oasis_becter
D:9:      layout_stronghold, gammafunk_ghost_arena, minivault_7
Temple:   minmay_temple_curvy_branch

Skill      XL: |  1  2  3  4  5  6  7  8  9 10 |
---------------+-------------------------------+-----
Stealth        | 1 2 3 4 6 |  6.0
Shields        | 1 2 3 4 |  4.0
Transmutations | 3 4 6 8 |  8.5
Unarmed Combat | 4 5 7 |  7.8
Fighting       | 3 |  3.5
Dodging        | 3 |  3.8
Spellcasting   | 4 5 |  5.3

Action                   |  1- 3 |  4- 6 |  7- 9 | 10-12 || total
-------------------------+-------+-------+-------+-------++-------
Melee: Unarmed           |    69 |   147 |    47 |    15 ||   278
       Constrict         |    19 |    37 |    73 |     2 ||   131
       Kick              |    15 |    37 |    10 |       ||    62
       Tentacles         |     4 |    24 |    51 |     2 ||    81
       Punch             |     3 |     1 |     9 |       ||    13
       Spear             |       |       |   326 |     6 ||   332
Throw: Boomerang         |       |    13 |     1 |       ||    14
       Dart              |       |       |    11 |       ||    11
 Cast: Beastly Appendage |    15 |    30 |     7 |       ||    52
       Wereblood         |       |     1 |     5 |       ||     6
       Blade Hands       |       |       |       |     2 ||     2
       Blink             |       |       |       |     1 ||     1
Evoke: Wand              |       |     1 |    59 |     3 ||    63
  Use: Potion            |       |     6 |     7 |     1 ||    14
       Scroll            |       |     6 |     5 |       ||    11
 Stab: Sleeping          |     8 |     5 |    13 |     1 ||    27
       Paralysed         |       |       |     4 |       ||     4
       Distracted        |       |       |     7 |       ||     7
       Confused          |       |       |     2 |       ||     2
Armor: Skin              |     2 |     3 |    62 |     3 ||    70
Dodge: Dodged            |    44 |    55 |   131 |    23 ||   253
Block: Buckler           |       |     3 |    71 |    10 ||    84
